 Dungeon Crawl Stone Soup version 0.23-a0-586-gacb4b3f (console) character file.

329 Duffy the Cleaver (level 6, -3/50 HPs)
             Began as a Minotaur Gladiator on Dec 18, 2018.
             Slain by Grinder (5 damage)
             ... while paralysed by Grinder
             ... on level 3 of the Dungeon.
             The game lasted 00:03:09 (2776 turns).

Duffy the Cleaver (Minotaur Gladiator)              Turns: 2776, Time: 00:03:10

Health: -3/50      AC:  5    Str: 21    XL:     6   Next: 25%
Magic:  5/5        EV:  2    Int:  5    God:
Gold:   145        SH:  0    Dex: 11    Spells: 5/5 levels left

rFire    . . .     SeeInvis .   a - +0 war axe
rCold    . . .     Gourm    .   (no shield)
rNeg     . . .     Faith    .   n - +0 ring mail
rPois    .         Spirit   .   c - +0 hat
rElec    .         Reflect  .   (no cloak)
rCorr    .         Harm     .   (no gloves)
MR       .....                  (no boots)
Stlth    +.........             (no amulet)
HPRegen  0.16/turn              (no ring)
MPRegen  0.09/turn              (no ring)

@: paralysed
A: retaliatory headbutt, horns 2
a: no special abilities


You were on level 3 of the Dungeon.
You were not hungry.

You visited 1 branch of the dungeon, and saw 3 of its levels.

You collected 145 gold pieces.

Inventory:

Hand Weapons
 a - a +0 war axe (weapon)
Missiles
 d - 3 throwing nets (quivered)
Armour
 c - a +0 hat (worn)
 n - a +0 ring mail (worn)
Wands
 b - a wand of iceblast (2)
Scrolls
 g - a scroll of fear {unknown}
 h - a scroll of remove curse {unknown}
 k - 2 scrolls of blinking {unknown}
 o - 3 scrolls of identify {unknown}
 q - a scroll of enchant weapon {unknown}
 s - a scroll of amnesia {unknown}
Potions
 e - a potion of resistance {unknown}
 i - 4 potions of curing {unknown}
 j - a potion of berserk rage {unknown}
 l - 2 potions of ambrosia {unknown}
 m - a potion of heal wounds {unknown}
 p - a potion of might {unknown}
Comestibles
 f - 8 rations
 r - 2 chunks of flesh


   Skills:
 - Level 2.4 Fighting
 + Level 8.5 Axes
 - Level 2.0 Throwing
 - Level 3.2 Dodging


You had 5 spell levels left.
You didn't know any spells.
Your spell library was empty.

Dungeon Overview and Level Annotations

Branches:
Dungeon (3/15)

Altars:
Fedhas
Kikubaaqudgha

Annotations:
D:3 Grinder


Innate Abilities, Weirdness & Mutations

You reflexively headbutt those who attack you in melee.
You have a pair of horns on your head.


Message History

Grinder barely misses you. You furiously retaliate!
You headbutt Grinder. You hit Grinder.
Grinder is severely wounded.
Grinder hits you.
You writhe in agony.
You barely miss Grinder. You headbutt Grinder!
Grinder is almost dead.
Grinder gestures at you.
You barely resist. You closely miss Grinder.
Grinder is almost dead.
Grinder hits you.
You writhe in agony.
You hit Grinder.
Grinder is almost dead.
Grinder gestures at you.
You suddenly lose the ability to move!
Grinder gestures at you.
You shrug off the repeated paralysis!
Grinder hits you!
You writhe in agony.
Grinder hits you.
You writhe in agony.
You die...

##.###.##....######.#.# #.......
.............# #.#.# ###...##
.......####..# #.#.# #...#
##.##.%# #..# #...# ##.##
##)##..# #..#######..##### #.#
..>....# #...............#####.#
##.##.#####.########.......%....#
#.......)..########.####.#######
#......##.......@.#.# #.#
#......##.#######5.#. #.#
##.....##.# .### #.# #.....##.#
... ..# #.....##.# ##.## ###
#........## #. #.........########
#.....###........ #######
#########


You could see Grinder.

Vanquished Creatures
  The ghost of feelmyfire the Ruffian, an amateur GrWr (D:2)
  Ijyb (D:3)
  4 gnolls (D:2)
  3 adders (D:2)
  A shadow imp (D:2)
  A dart slug (D:1)
  A worm (D:2)
  2 leopard geckos
  A ball python (D:2)
  4 giant cockroaches
  5 hobgoblins
  4 kobolds (D:2)
  4 quokkas (D:2)
  6 bats
  5 frilled lizards (D:2)
  6 goblins
  6 rats
55 creatures vanquished.

Notes
Turn   | Place    | Note
-------+----------+-------------------------------------------
     0 | D:1      | Duffy the Minotaur Gladiator began the quest for the Orb.
     0 | D:1      | Reached XP level 1. HP: 18/18 MP: 0/0
   221 | D:1      | Reached skill level 4 in Axes
   410 | D:1      | Reached XP level 2. HP: 25/25 MP: 1/1
   872 | D:2      | Reached skill level 5 in Axes
   904 | D:2      | Reached XP level 3. HP: 27/30 MP: 2/2
  1344 | D:2      | Found a blossoming altar of Fedhas.
  1344 | D:2      | Found an ancient bone altar of Kikubaaqudgha.
  1384 | D:2      | Reached skill level 6 in Axes
  1384 | D:2      | Reached XP level 4. HP: 33/37 MP: 3/3
  2017 | D:3      | Noticed Ijyb
  2026 | D:3      | Killed Ijyb
  2026 | D:3      | Reached skill level 7 in Axes
  2026 | D:3      | Reached XP level 5. HP: 41/42 MP: 4/4
  2103 | D:3      | Found a large runed door.
  2104 | D:3      | Found a large runed door.
  2108 | D:3      | Noticed feelmyfire's ghost (amateur GrWr)
  2414 | D:2      | Killed feelmyfire's ghost
  2414 | D:2      | Reached skill level 8 in Axes
  2414 | D:2      | Reached XP level 6. HP: 27/50 MP: 5/5
  2760 | D:3      | Noticed Grinder
  2762 | D:3      | Paralysed by Grinder for 6 turns
  2774 | D:3      | Paralysed by Grinder for 5 turns
  2776 | D:3      | HP: 2/50 [Grinder (6)]
  2776 | D:3      | Slain by Grinder

Vault maps used:
D:1:      lordsloth_arrival_two_stooges
D:2:      grunt_temple_overflow_growth_and_decay, st_stairs_8, hex_large
D:3:      first_ration, ebering_ghost_disaster_area, lemuel_statue_altar,
          uniq_grinder, uniq_ijyb

Skill      XL: |  1  2  3  4  5 |
---------------+----------------+-----
Axes           | 4 5 6 7 8 |  8.5
Fighting       | |  2.4
Throwing       | |  2.0
Dodging        | |  3.2

Action                   |  1- 3 |  4- 6 || total
-------------------------+-------+-------++-------
Melee: War axe           |    53 |    70 ||   123
       Headbutt          |     4 |    13 ||    17
Evoke: Wand              |       |     2 ||     2
  Eat: Chunk             |     1 |     5 ||     6
Armor: Leather armour    |    15 |     3 ||    18
       Ring mail         |       |    17 ||    17
Dodge: Dodged            |    30 |    42 ||    72

Table legend:
 A = Non-vault XP
 B = Vault XP
 C = Vault XP percentage of total XP
 D = Non-vault monster count
 E = Vault monster count
 F = Vault count percentage of total count
                 A         B        C        D         E       F
            +---------+---------+-------+---------+---------+-------
      Total |     184 |     287 |  60.9 |      52 |       3 |   5.5
            +---------+---------+-------+---------+---------+-------
        D:1 |      22 |       0 |   0.0 |      12 |       0 |   0.0
        D:2 |     152 |     248 |  62.0 |      35 |       2 |   5.4
        D:3 |      10 |      39 |  79.6 |       5 |       1 |  16.7
            +---------+---------+-------+---------+---------+-------
